 Dungeon Crawl Stone Soup version 0.29-a0-72-g1732ff48e7 (webtiles) character file.

Game seed: 6709220679909362860

1431 testman the Spear-Bearer (level 8, -2/70 HPs)
             Began as a Merfolk Berserker on Feb 3, 2022.
             Was a Believer of Trog.
             Splashed by a jelly's acid (8 damage)
             ... on level 6 of the Dungeon.
             The game lasted 00:16:09 (7459 turns).

testman the Spear-Bearer (Merfolk Berserker)        Turns: 7459, Time: 00:16:11

Health: -2/70      AC: -2    Str: 20    XL:     8   Next: 73%
Magic:  8/8        EV: 11    Int:  6    God:    Trog [**....]
Gold:   308        SH:  0    Dex: 13    Spells: 7/7 levels left

rFire   . . .      SeeInvis .   a - +0 spear
rCold   + . .      Faith    .   K - orb {mayhem}
rNeg    . . .      Spirit   .   z - +0 ring mail {rC+}
rPois   .          Reflect  .   (no helmet)
rElec   .          Harm     .   (no cloak)
rCorr   .          Rampage  .   (no gloves)
Will    +....                   (no boots)
Stlth   +.........              (no amulet)
HPRegen 0.21/turn               I - ring of willpower
MPRegen 0.11/turn               (no ring)

@: corroded
A: (nimble swimmer 2), mertail
a: Renounce Religion, Berserk, Trog's Hand


You were on level 6 of the Dungeon.
You worshipped Trog.
Trog was pleased with you.
You visited 1 branch of the dungeon, and saw 6 of its levels.
You also visited: Ossuary.

You collected 308 gold pieces.

Inventory:

Hand Weapons
 a - a +0 spear (weapon)
 l - a +0 hunting sling
Missiles
 b - 4 curare-tipped darts
 h - 102 stones
 p - 10 boomerangs (quivered)
 u - a throwing net
Armour
 z - a +0 ring mail of cold resistance (worn)
 K - an orb of mayhem (worn)
Jewellery
 I - a ring of willpower (left hand)
Wands
 m - a wand of charming (7)
 q - a wand of iceblast (6)
 x - a wand of polymorph (12)
Scrolls
 c - 4 scrolls of identify
 d - 7 scrolls of teleportation
 e - a scroll of fog
 g - a scroll of brand weapon
 j - a scroll of enchant weapon {unknown}
 k - a scroll of amnesia {unknown}
 n - a scroll of torment {unknown}
 o - 2 scrolls of enchant armour {unknown}
 r - 2 scrolls of holy word {unknown}
 t - a scroll of summoning {unknown}
 v - 2 scrolls of fear {unknown}
 y - a scroll of vulnerability {unknown}
 A - a scroll of noise {unknown}
 B - a scroll of magic mapping
 G - a scroll of silence {unknown}
Potions
 f - a potion of lignification
 i - 4 potions of heal wounds
 s - 2 potions of degeneration {unknown}
 w - a potion of magic {unknown}
 C - a potion of haste {unknown}
 D - a potion of attraction {unknown}
 E - a potion of brilliance {unknown}
 F - a potion of curing {unknown}
 H - a potion of cancellation {unknown}
 J - a potion of flight {unknown}


   Skills:
 + Level 8.8 Fighting
 + Level 11.4 Polearms
 - Level 1.3 Armour
 - Level 2.6 Dodging


You had 7 spell levels left.
You didn't know any spells.
Your spell library was empty.

Dungeon Overview and Level Annotations

Branches:
Dungeon (6/15)            Ossuary (visited)
 Temple: D:4-7

Altars:
Makhleb


Innate Abilities, Weirdness & Mutations

((You are very nimble when in or above water. (Stealth+, EV+, Speed+++)))
Your lower body shifts to a powerful aquatic tail in water.


Message History

The jelly quivers.
You hit the jelly.
Your hands burn!
The jelly is lightly wounded.
The jelly barely misses you.
You puncture the jelly! The acid corrodes you!
Your hands burn!
The jelly is heavily wounded.
You hit the jelly but do no damage.
Your hands burn!
The jelly is heavily wounded.
The jelly hits you.
You are splashed with acid!
You hit the jelly but do no damage.
Your hands burn!
The jelly is heavily wounded.
You hit the jelly.
Your hands burn!
The jelly is severely wounded.
The jelly hits you.
You are splashed with acid!
You hit the jelly but do no damage. The acid corrodes you!
Your hands burn!
The jelly is severely wounded.
You are too injured to fight recklessly!
You are too injured to fight recklessly!
You are too injured to fight recklessly!
You are too injured to fight recklessly!
You hit the jelly.
Your hands burn!
The jelly is almost dead.
The jelly hits you.
You are splashed with acid!
You hit the jelly but do no damage.
Your hands burn!
* * * LOW HITPOINT WARNING * * *
The jelly is almost dead.
You hit the jelly but do no damage.
Your hands burn!
* * * LOW HITPOINT WARNING * * *
The jelly is almost dead.
The jelly barely misses you.
You hit the jelly.
Your hands burn!
* * * LOW HITPOINT WARNING * * *
The jelly is almost dead.
You hit the jelly but do no damage.
Your hands burn!
* * * LOW HITPOINT WARNING * * *
The jelly is almost dead.
The jelly hits you.
* * * LOW HITPOINT WARNING * * *
You are splashed with acid!
You die...

*,* *,,,,,,,,, #.*
*,,,****** #.* **,,,,,,*
**####.##* *.#***,**
*,.......* ##.* *,,,
*,.......* #..* ****
*,.......* #.#*
*,.......########.#
*,.....?.@.....##.# #
*,......J#####.#..# #
*,.......*#.......########
*,.......#.........>......
**#######.....(.#######...
#.......# #......
#.......# #.#....
##.....## #......
##.....#####...###


You could see a jelly.

Vanquished Creatures
  A troll (D:5)
  A wraith (Ossuary)
  An ice beast (D:6)
  A necrophage (D:5)
  A sky beast (D:5)
  A centaur (D:5)
  2 scorpions
  A water moccasin skeleton (D:4)
  2 centaur zombies (D:5)
  A bullfrog zombie (D:5)
  2 hounds
  2 jellies
  2 centaur skeletons
  Jessica (D:3)
  2 scorpion zombies (D:5)
  2 hound skeletons (D:5)
  3 mummies (Ossuary)
  2 howler monkey zombies (D:5)
  A gnoll (D:5)
  A howler monkey skeleton (D:5)
  6 adders
  An adder zombie (D:5)
  An adder skeleton (D:4)
  An orc (D:3)
  7 bats
  4 endoplasms
  A giant cockroach (D:3)
  4 goblins
  4 hobgoblins
  2 jackals (D:1)
  2 quokkas
  2 ball pythons
  A frilled lizard (D:3)
  4 goblin zombies (Ossuary)
  3 hobgoblin zombies (Ossuary)
  3 kobolds
  A kobold zombie (Ossuary)
  An orc zombie (Ossuary)
  2 rats
80 creatures vanquished.

Notes
Turn   | Place    | Note
-------+----------+-------------------------------------------
     0 | D:1      | testman the Merfolk Berserker began the quest for the Orb.
     0 | D:1      | Reached XP level 1. HP: 18/18 MP: 1/1
   505 | D:1      | Reached XP level 2. HP: 6/24 MP: 2/2
   728 | D:1      | Found a faded altar of an unknown god.
   919 | D:1      | Reached skill level 5 in Polearms
  1471 | D:2      | Reached XP level 3. HP: 17/30 MP: 3/3
  2397 | D:3      | Noticed Jessica
  2407 | D:3      | Killed Jessica
  2408 | D:3      | Reached XP level 4. HP: 28/38 MP: 4/4
  2684 | D:3      | Reached skill level 6 in Polearms
  3324 | D:4      | Reached skill level 5 in Fighting
  3324 | D:4      | Reached XP level 5. HP: 24/44 MP: 5/5
  3477 | D:4      | Reached skill level 7 in Polearms
  3919 | D:4      | Reached XP level 6. HP: 26/52 MP: 6/6
  3928 | D:4      | HP: 3/78 [poisoned by a scorpion]
  4582 | D:5      | Entered Level 5 of the Dungeon
  4716 | D:5      | Reached skill level 8 in Polearms
  4866 | D:5      | Reached XP level 7. HP: 46/59 MP: 7/7
  5151 | D:5      | Reached ** piety under Trog
  5477 | D:5      | Reached skill level 9 in Polearms
  6041 | D:5      | Identified the +8 great sword of Conscience {vorpal, +Blink
                  | rN+}
  6058 | D:5      | Noticed a troll
  6072 | D:5      | Killed a troll
  6073 | D:5      | Reached skill level 10 in Polearms
  6073 | D:5      | Reached XP level 8. HP: 53/68 MP: 8/8
  6424 | D:5      | Found a burning altar of Makhleb.
  6424 | D:5      | Noticed a balrug
  6427 | D:5      | Noticed a hellwing
  6427 | D:5      | Noticed a hellwing
  6723 | D:6      | Found a sand-covered staircase.
  6728 | Ossuary  | Entered an ossuary
  6728 | Ossuary  | Noticed a wraith
  6728 | Ossuary  | Noticed a wraith
  6728 | Ossuary  | Noticed a wraith
  7089 | Ossuary  | Noticed a wraith
  7096 | Ossuary  | Killed a wraith
  7097 | Ossuary  | Reached skill level 11 in Polearms
  7459 | D:6      | Splashed by a jelly's acid

Illustrated notes

Levels and vault maps discovered:
D:1:      lightli_arrival_statuegarden, layout_loops_corners,
          hellmonk_ecumenical_altar_inner_sanctum
D:2:      layout_loops_ring, minmay_tromino_i2
D:3:      layout_rooms, uniq_jessica
D:4:      layout_loops_cross
D:5:      layout_basic, makhleb_altar_promises_db, serial_undead,
          serial_undead_f, serial_undead_e, serial_undead_e, serial_undead_a,
          st_stairs_10
D:6:      layout_rooms, enter_ossuary_5

Skill      XL: |  1  2  3  4  5  6  7  8 |
---------------+-------------------------+-----
Polearms       | 5 6 7 8 10 11 | 11.4
Fighting       | 4 5 6 7 8 |  8.8
Armour         | |  1.3
Dodging        | |  2.6

Action                   |  1- 3 |  4- 6 |  7- 9 || total
-------------------------+-------+-------+-------++-------
Melee: Spear             |    84 |   162 |   236 ||   482
       Punch             |       |     4 |     5 ||     9
Throw: Boomerang         |       |       |     8 ||     8
Invok: Berserk           |     1 |     1 |     3 ||     5
  Use: Potion            |       |     1 |       ||     1
       Scroll            |       |       |     6 ||     6
 Stab: Sleeping          |     5 |       |       ||     5
Armor: Animal skin       |     9 |    15 |       ||    24
       Ring mail         |       |    36 |    33 ||    69
Dodge: Dodged            |    22 |    70 |    56 ||   148

Table legend: (Time is in decaauts)
 A = Elapsed time spent in this place.
 B = Non-inter-level travel time spent in this place.
 C = Inter-level travel time spent in this place.
 D = Time resting spent in this place.
 E = Time spent auto-exploring this place.
 F = Levels seen in this place.
 G = Mean time per level.
                   A        B        C        D        E       F      G
               +--------+--------+--------+--------+--------+-----+--------+
         Total |   7360 |   7170 |    190 |   2201 |   4069 |   7 | 1051.4 |
       Dungeon |   6814 |   6624 |    190 |   2143 |   3676 |   6 | 1135.7 |
       Ossuary |    546 |    546 |      0 |     57 |    393 |   1 |  546.0 |
               +--------+--------+--------+--------+--------+-----+--------+

Top non-repeatable levels by time:
     D:5: 1997 daAuts
     D:1: 1392 daAuts
     D:4: 1270 daAuts
     D:2: 993 daAuts
     D:3: 909 daAuts
 Ossuary: 546 daAuts
     D:6: 251 daAuts
